 Dungeon Crawl Stone Soup version 0.22-a0-110-g5b255cf (webtiles) character file.

16 SnubMonkey the Chucker (level 2, -1/31 HPs)
             Began as an Ogre Hunter on Jan 27, 2018.
             Slain by a hound (5 damage)
             ... on level 2 of the Dungeon.
             The game lasted 00:02:46 (1240 turns).

SnubMonkey the Chucker (Ogre Hunter)                Turns: 1240, Time: 00:02:47

Health: -1/31      AC:  3    Str: 15    XL:     2   Next: 58%
Magic:  2/2        EV: 10    Int: 12    God:
Gold:   65         SH:  0    Dex:  9    Spells: 1/1 levels left

rFire    . . .     SeeInvis .   o - +1 dagger (freeze)
rCold    . . .     Gourm    .   (no shield)
rNeg     . . .     Faith    .   b - +0 robe
rPois    .         Spirit   .   (helmet restricted)
rElec    .         Reflect  .   (no cloak)
rCorr    .         Harm     .   (gloves unavailable)
MR       .....                  (boots unavailable)
Stlth    +.........             (no amulet)
HPRegen  0.10/turn              (no ring)
MPRegen  0.08/turn              (no ring)

@: no status effects
A: large, unfitting armour, tough skin 1
a: no special abilities


You were on level 2 of the Dungeon.
You were not hungry.

You visited 1 branch of the dungeon, and saw 2 of its levels.

You collected 65 gold pieces.

Inventory:

Hand Weapons
 e - a +0 club
 o - a +1 dagger of freezing (weapon)
Missiles
 c - 5 large rocks (quivered)
 d - 2 throwing nets
Armour
 b - a +0 robe (worn)
Jewellery
 p - an uncursed ring of wizardry {unknown}
Wands
 g - a wand of random effects (27)
Scrolls
 a - a scroll of enchant armour {unknown}
 h - 2 scrolls of amnesia {unknown}
 j - a scroll of identify {unknown}
 k - a scroll of blinking {unknown}
 m - a scroll of random uselessness {unknown}
Potions
 i - a potion of cancellation {unknown}
 l - a potion of might {unknown}
 n - 3 potions of heal wounds {unknown}
 q - a potion of degeneration {unknown}
Comestibles
 f - 4 rations
 r - a chunk of flesh


   Skills:
 + Level 3.2 Fighting
 * Level 1.4 Maces & Flails
 - Level 4.0 Throwing
 - Level 1.8 Dodging
 - Level 0.6 Stealth


You had one spell level left.
You didn't know any spells.

Dungeon Overview and Level Annotations

Branches:
Dungeon (2/15)

Altars:
Makhleb

Annotations:
D:2 Sigmund


Innate Abilities, Weirdness & Mutations

You are too large for most types of armour.
You have tough skin. (AC +1)


Message History

Sigmund casts a spell.
Sigmund flickers and vanishes!
Deactivating autopickup; reactivate with Ctrl-A.
The leopard gecko bites you. The hound bites you. The hound bites you.
The hound closely misses you. The leopard gecko closely misses you.
The hound bites you. The hound bites you but does no damage.
The hound bites you. The hound bites you.
* * * LOW HITPOINT WARNING * * *
The hound barely misses you. The hound bites you.
* * * LOW HITPOINT WARNING * * *
The leopard gecko hisses menacingly.
The hound bites you.
* * * LOW HITPOINT WARNING * * *
The hound bites you.
You die...

#........ #........ #........
#..)..... ..#+# #........
..#.# ####.#### #.#.# #.# #
#.#.############.####
#...@hl..............
#.##.#.###########.##### ###
...#....# ##.#
...####.##.<..# #..# #.#<
..##.#..# ##.##
#...##.##.#..# #..#
#.#....##.#..# #.##
#.......#.#..########.####.##
#.###........................


You could see a hound and a leopard gecko.

Vanquished Creatures
  A bat (D:1)
  3 goblins
  2 hobgoblins
  2 kobolds (D:1)
  2 quokkas
  2 frilled lizards
  3 rats
15 creatures vanquished.

Notes
Turn   | Place    | Note
-------+----------+-------------------------------------------
     0 | D:1      | SnubMonkey the Ogre Hunter began the quest for the Orb.
     0 | D:1      | Reached XP level 1. HP: 22/22 MP: 1/1
   494 | D:1      | Reached XP level 2. HP: 26/31 MP: 2/2
   591 | D:1      | Reached skill level 1 in Maces & Flails
  1207 | D:2      | Found a burning altar of Makhleb.
  1211 | D:2      | Noticed Sigmund
  1240 | D:2      | Slain by a hound

Vault maps used:
D:1:      dpeg_arrival_line_fractal
D:2:      serial_forest, infiniplex_forest_straight_5,
          infiniplex_forest_fountain, infiniplex_forest_clump_curved,
          infiniplex_forest_clump_cross, infiniplex_forest_clump_tiny,
          first_ration, makhleb_heckhound_becter, uniq_sigmund

Skill      XL: |  1  2 |
---------------+-------+-----
Fighting       | 3 |  3.2
Maces & Flails | 1 |  1.4
Throwing       | |  4.0
Dodging        | |  1.8
Stealth        | |  0.6

Action                   || total
-------------------------++-------
Melee: Short sword       ||    43
       Dagger            ||    30
  Eat: Chunk             ||     1
Armor: Robe              ||    24
Dodge: Dodged            ||    49

Table legend:
 A = Spawn XP
 B = Non-spawn XP
 C = Spawn XP percentage of total XP
 D = Spawn monster count
 E = Non-spawn monster count
 F = Spawn count percentage of total count
 G = Total turns spent on level
                    A         B        C        D         E        F      G
               +---------+---------+-------+---------+---------+-------+---------
         Total |       0 |      24 |   0.0 |       0 |      15 |   0.0 |  1240
               +---------+---------+-------+---------+---------+-------+---------
           D:1 |       0 |      16 |   0.0 |       0 |      10 |   0.0 |  1102
           D:2 |       0 |       8 |   0.0 |       0 |       5 |   0.0 |   138
               +---------+---------+-------+---------+---------+-------+---------
